 Dungeon Crawl Stone Soup version 0.29-a0-866-g0545e20025 (webtiles) character file.

Game seed: 8536535972097414971

2249 Conn the Firebug (level 9, -1/53 HPs)
             Began as an Octopode Fire Elementalist on July 17, 2022.
             Was a Follower of Sif Muna.
             Slain by a bullfrog (5 damage)
             ... on level 8 of the Dungeon.
             The game lasted 00:16:00 (8626 turns).

Conn the Firebug (Octopode Fire Elementalist)       Turns: 8626, Time: 00:16:11

Health: -1/53      AC:  1    Str: 13    XL:     9   Next: 37%
Magic:  13/18      EV: 17    Int: 22    God:    Sif Muna [*.....]
Gold:   176        SH:  0    Dex: 12    Spells: 4/20 levels left

rFire   + . .      SeeInvis .   p - +2 dagger (drain)
rCold   x . .      Faith    .   (no shield)
rNeg    + . .      Spirit   .   (helmet restricted)
rPois   +          Reflect  .   (no amulet)
rElec   .          Harm     .   n - +4 ring of evasion
rCorr   .          Rampage  .   r - ring of fire
Will    .....                   t - ring of poison resistance
Stlth   ++++......              b - ring of flight
HPRegen 0.17/turn               y - ring of positive energy
MPRegen 0.16/turn               B - +6 ring of strength
                                (no ring)
                                (no ring)

@: flying
A: almost no armour, amphibious, 8 rings, camouflage 1, gelatinous body 1,
(nimble swimmer 1), tentacles
a: Renounce Religion, Channel Magic


You were on level 8 of the Dungeon.
You worshipped Sif Muna.
Sif Muna was aware of your devotion.
You visited 1 branch of the dungeon, and saw 8 of its levels.

You collected 420 gold pieces.
You spent 244 gold pieces at shops.

Inventory:

Hand Weapons
 c - a +1 dagger of venom
 g - a +4 dagger
 p - a +2 dagger of draining (weapon)
Missiles
 w - 8 poisoned darts
 H - 6 silver javelins
Jewellery
 b - a ring of flight (on tentacle)
 n - a +4 ring of evasion (left tentacle)
 r - a ring of fire (right tentacle)
 t - a ring of poison resistance (on tentacle)
 y - a ring of positive energy (on tentacle)
 B - a +6 ring of strength (on tentacle)
Wands
 q - a wand of polymorph (18)
 s - a wand of paralysis (6)
 x - a wand of flame (28)
 G - a wand of quicksilver (18)
 J - a wand of roots (6)
Scrolls
 d - 10 scrolls of identify {unknown}
 h - 2 scrolls of enchant armour {unknown}
 i - a scroll of enchant weapon {unknown}
 j - 3 scrolls of vulnerability {unknown}
 m - 2 scrolls of immolation {unknown}
 v - 3 scrolls of amnesia {unknown}
 z - 2 scrolls of fear
 A - a scroll of magic mapping {unknown}
 C - a scroll of torment {unknown}
 D - a scroll of fog {unknown}
 E - 3 scrolls of poison {unknown}
 F - a scroll of silence {unknown}
Potions
 a - a potion of magic
 e - a potion of ambrosia {unknown}
 f - 5 potions of heal wounds {unknown}
 k - a potion of invisibility {unknown}
 l - 2 potions of curing {unknown}
 o - 5 potions of flight {unknown}
 u - 5 potions of degeneration {unknown}
 I - a potion of brilliance {unknown}


   Skills:
 + Level 1.3 Fighting
 + Level 1.4 Short Blades
 + Level 2.6 Dodging
 + Level 5.7 Stealth
 + Level 6.4 Spellcasting
 + Level 4.3 Conjurations
 + Level 2.0 Hexes
 * Level 2.4 Translocations
 + Level 6.5 Fire Magic
 * Level 3.8 Invocations


You had 4 spell levels left.
You knew the following spells:

 Your Spells              Type           Power      Damage    Failure   Level
a - Foxfire               Conj/Fire      100%       2x1d9     1%          1
b - Conjure Flame         Conj/Fire      46%        6-21      2%          3
c - Inner Flame           Hex/Fire       38%        N/A       4%          3
d - Flame Wave            Conj/Fire      46%        2d10      10%         4
e - Scorch                Fire           100%       2d10      1%          2
f - Teleport Other        Tloc           17%        N/A       10%         3

Your spell library contained the following spells:

 Spells                   Type           Power      Damage    Failure   Level
 Gell's Gravitas          Tloc           17%        N/A       10%         3
 Lesser Beckoning         Tloc           17%        N/A       10%         3


Dungeon Overview and Level Annotations

Branches:
Dungeon (8/15)             Temple (0/1) D:4
   Lair: D:8-11

Altars:
Cheibriados
Gozag
Sif Muna
Uskayaw
Wu Jian
Xom

Shops:
D:3 *   D:4 ?

Annotations:
D:5 2 transporters


Innate Abilities, Weirdness & Mutations

You cannot wear most types of armour.
You are amphibious.
You can wear up to eight rings at the same time.
Your skin changes colour to match your surroundings (Stealth+).
Your rubbery body absorbs attacks. (AC +1, EV +1)
((You are camouflaged when in or above water. (Stealth+)))
You have tentacles for arms and can constrict up to eight enemies at once.


Message History

You assume a fearsome visage.
The gnoll sergeant looks frightened!
The gnoll looks frightened! x3
Unknown command.
An ice beast comes into view.
Cornered, the gnoll sergeant turns to fight!
A bullfrog comes into view.
The bullfrog moves out of view.
Casting: Foxfire (safe; 1% risk of failure)
Confirm with . or Enter, or press ? or * to list all spells.
You can't see any susceptible monsters within range! (Use Z to cast anyway.)
Casting: Foxfire (safe; 1% risk of failure)
Confirm with . or Enter, or press ? or * to list all spells.
You feel a surge of power!
You conjure some foxfire!
Casting: Foxfire (safe; 1% risk of failure)
Confirm with . or Enter, or press ? or * to list all spells.
You feel a surge of power!
Flames lash the ice beast.
The ice beast melts!
The ice beast is moderately wounded.
The ice beast's fire resistance burns away.
The foxfire hits the gnoll.
The gnoll is lightly wounded.
The foxfire hits the gnoll.
The gnoll is severely wounded.
A wyvern comes into view.
The ice beast barely misses you. The ice beast attacks as you move away!
The ice beast misses you.
Found a scroll labelled ILA ISMAEXKEFFA.
The bullfrog attacks as you move away!
The bullfrog hits you but does no damage.
Found a glowing grey potion.
The ice beast is no longer more vulnerable to fire.
The bullfrog barely misses you.
The wyvern hisses menacingly.
The bullfrog attacks as you move away! The bullfrog hits you.
* * * LOW HITPOINT WARNING * * *
The ice beast attacks as you move away! The ice beast hits you.
* * * LOW HITPOINT WARNING * * *
The ice beast freezes you!
You feel a terrible chill!
* * * LOW HITPOINT WARNING * * *
The bullfrog hits you.
You die...

##.####..#..###.#.<...
........#.## #.#.g...
#.###....# #.#(.g..
#....>.### #.#.....
###.g..# #.........
##...##.....#.....
#gl.......###..##
#####FY.#.?.## #.##
#...@...#.### #..#
#......##..!# #.#
...#.####....# #. # #
...# .#... .... . ...
. ..


You could see a wyvern, an ice beast, a gnoll sergeant, a bullfrog and a gnoll.

Vanquished Creatures
  A black bear (D:6)
  An ice beast (D:5)
  2 ogres
  A phantom (D:6)
  3 necrophages
  2 bullfrogs
  7 scorpions
  4 wights (D:6)
  An electric eel (D:7)
  2 jellies (D:6)
  A howler monkey (D:5)
  2 hounds
  A gnoll bouda (D:6)
  An orc priest (D:6)
  4 iguanas
  Terence (D:2)
  Natasha (thrice) (D:3)
  6 orc wizards
  Robin (D:2)
  4 gnolls
  11 adders
  A shadow imp (D:7)
  3 white imps
  3 worms
  2 dart slugs
  10 orcs
  6 endoplasms
  2 giant cockroaches (D:4)
  11 hobgoblins
  7 jackals
  7 kobolds
  3 quokkas
  8 ball pythons
  3 bats
  5 frilled lizards
  13 goblins
  7 rats
150 creatures vanquished.

Vanquished Creatures (others)
  381 foxfires
381 creatures vanquished.

Grand Total: 531 creatures vanquished

Notes
Turn   | Place    | Note
-------+----------+-------------------------------------------
     0 | D:1      | Conn the Octopode Fire Elementalist began the quest for the
                  | Orb.
     0 | D:1      | Reached XP level 1. HP: 11/11 MP: 3/3
   320 | D:1      | Reached XP level 2. HP: 17/17 MP: 0/5
   759 | D:1      | Reached XP level 3. HP: 10/21 MP: 1/6
  1083 | D:1      | Found a faded altar of an unknown god.
  2113 | D:2      | Noticed Robin
  2131 | D:2      | Learned a level 2 spell: Scorch
  2135 | D:2      | Learned a level 3 spell: Conjure Flame
  2143 | D:2      | Reached XP level 4. HP: 27/27 MP: 5/7
  2151 | D:2      | Killed Robin
  2207 | D:2      | Noticed Terence
  2417 | D:3      | Reached XP level 5. HP: 8/32 MP: 0/9
  2755 | D:3      | Found Esesairo's Assorted Antiques.
  2762 | D:3      | Bought a tapered bone wand for 88 gold pieces
  3294 | D:3      | Reached skill level 1 in Short Blades
  3528 | D:3      | Noticed Natasha
  3535 | D:3      | Killed Natasha
  3559 | D:3      | Noticed Natasha
  3647 | D:3      | Killed Natasha
  3751 | D:2      | Reached XP level 6. HP: 34/37 MP: 2/11
  3855 | D:2      | Killed Terence
  4356 | D:3      | Noticed Natasha
  4362 | D:3      | Killed Natasha
  4458 | D:4      | Learned a level 3 spell: Inner Flame
  4573 | D:4      | Found Ybosoar's Magic Scroll Emporium.
  4583 | D:4      | Bought 3 scrolls of fear for 156 gold pieces
  4636 | D:4      | Found a shimmering blue altar of Sif Muna.
  4638 | D:4      | Found a shimmering altar of Xom.
  4644 | D:4      | Became a worshipper of Sif Muna the Loreminder
  4710 | D:4      | Found a staircase to the Ecumenical Temple.
  4816 | D:4      | Reached skill level 1 in Fighting
  4816 | D:4      | Reached XP level 7. HP: 43/43 MP: 8/12
  4864 | D:4      | Found a snail-covered altar of Cheibriados.
  4911 | D:4      | Identified the +2 pair of gloves of Cohirch {rPois Str+4}
  5186 | D:5      | Entered Level 5 of the Dungeon
  5192 | D:5      | Learned a level 4 spell: Flame Wave
  5207 | D:5      | Found a transporter.
  5208 | D:5      | Noticed a steam dragon
  5215 | D:5      | Found a transporter.
  5215 | D:5      | Found a hide-covered altar of Uskayaw.
  5239 | D:5      | Found an ornate altar of the Wu Jian Council.
  5543 | D:5      | Reached skill level 5 in Stealth
  5978 | D:5      | Reached skill level 5 in Spellcasting
  6066 | D:5      | Reached skill level 5 in Fire Magic
  6134 | D:5      | Reached XP level 8. HP: 48/48 MP: 6/15
  6367 | D:5      | Learned a level 3 spell: Teleport Other
  6460 | D:6      | Found an opulent altar of Gozag.
  6513 | D:6      | Reached skill level 1 in Hexes
  6522 | D:6      | Reached skill level 1 in Invocations
  6649 | D:6      | Reached skill level 1 in Translocations
  6720 | D:6      | Reached * piety under Sif Muna
  7222 | D:6      | Reached XP level 9. HP: 53/53 MP: 6/18
  8626 | D:8      | Slain by a bullfrog

Illustrated notes

Levels and vault maps discovered:
D:1:      amcnicky_arrival_feature_with_door, layout_basic,
          ebering_ecumenical_altar_sacrificial
D:2:      layout_loops_corners, wander_ebering_terrifying_dragon_lair,
          uniq_robin, uniq_terence
D:3:      layout_basic, serial_shops, shop_fountains, grunt_decor_fettered,
          minmay_randomly_rotated_circles, uniq_natasha
D:4:      layout_cave_pools, chequers_temple_overflow_statue_of_worship,
          mainiacjoe_overflow_24_doors, minmay_temple_entry_nine_rooms,
          serial_shops, nicolae_square_shop
D:5:      layout_loops_corners, gammafunk_temple_overflow_arena,
          eino_small_chamber_without_monster
D:6:      layout_loops_corners, old_standard_altar
D:7:      layout_loops_cross, kennysheep_generic_room_2
D:8:      layout_rooms, erik_lair_orcish_takeover,
          gammafunk_ghost_wrathful_warriors, uniq_grum

Skill      XL: |  1  2  3  4  5  6  7  8  9 |
---------------+----------------------------+-----
Stealth        | 3 4 5 |  5.7
Short Blades   | 1 |  1.4
Spellcasting   | 3 5 6 |  6.4
Conjurations   | 2 3 4 |  4.3
Fire Magic     | 4 5 6 |  6.5
Fighting       | 1 |  1.3
Hexes          | 1 2 |  2.0
Invocations    | 2 3 |  3.8
Translocations | 2 |  2.4
Dodging        | |  2.6

Action                   |  1- 3 |  4- 6 |  7- 9 || total
-------------------------+-------+-------+-------++-------
Melee: Tentacles         |     5 |     7 |    10 ||    22
       Unarmed           |     1 |       |       ||     1
       Dagger            |    36 |    36 |    35 ||   107
       Constrict         |     5 |     9 |    11 ||    25
       Punch             |       |       |     2 ||     2
 Cast: Foxfire           |    39 |    82 |   103 ||   224
       Scorch            |       |    10 |    22 ||    32
       Conjure Flame     |       |     1 |     5 ||     6
       Inner Flame       |       |       |     6 ||     6
Evoke: Wand              |       |       |     1 ||     1
  Use: Potion            |       |     1 |       ||     1
       Scroll            |       |       |     1 ||     1
 Stab: Sleeping          |     8 |     3 |     4 ||    15
Armor: Skin              |     1 |     2 |     2 ||     5
Dodge: Dodged            |    17 |    29 |    32 ||    78

Table legend: (Time is in decaauts)
 A = Elapsed time spent in this place.
 B = Non-inter-level travel time spent in this place.
 C = Inter-level travel time spent in this place.
 D = Time resting spent in this place.
 E = Time spent auto-exploring this place.
 F = Levels seen in this place.
 G = Mean time per level.
                   A        B        C        D        E       F      G
               +--------+--------+--------+--------+--------+-----+--------+
         Total |   8618 |   8456 |    162 |    227 |   6420 |   8 | 1077.2 |
       Dungeon |   8618 |   8456 |    162 |    227 |   6420 |   8 | 1077.2 |
               +--------+--------+--------+--------+--------+-----+--------+

Top non-repeatable levels by time:
     D:3: 1646 daAuts
     D:1: 1538 daAuts
     D:6: 1422 daAuts
     D:2: 1237 daAuts
     D:5: 1203 daAuts
     D:4: 760 daAuts
     D:7: 731 daAuts
     D:8: 79 daAuts
